 Dungeon Crawl Stone Soup version 0.31-a0-96-g196d5507e3 (webtiles) character file.

Game seed: 11430887233143596692

938 ExitNot the Poker (level 8, -5/53 (63) HPs)
             Began as a Gnoll Reaver on May 26, 2023.
             Killed by nerve-wracking pain
             ... invoked by Menkaure
              (8 damage)
             ... on level 5 of the Dungeon.
             The game lasted 00:21:27 (5382 turns).

ExitNot the Poker (Gnoll Reaver)                    Turns: 5382, Time: 00:21:27

HP:   -5/53 (63)    AC: 12    Str: 12    XL:     8   Next: 12%
MP:   15/16         EV: 10    Int: 15    God:
Gold: 266           SH:  0    Dex: 10    Spells: 17/18 levels left

rFire   . . .        b - +0 dagger (venom)
rCold   . . .        (no shield)
rNeg    . . .        y - +1 scale mail
rPois   .            i - +0 helmet
rElec   .            h - scarf {repulsion}
rCorr   .            (no gloves)
SInv    .            (no boots)
Will    .....        (no amulet)
Stlth   +            k - +4 ring of protection
HPRegen 0.28/turn    (no ring)
MPRegen 0.15/turn

%: repel missiles
@: heavily drained
A: fangs 1, strong nose, distributed training
a: no special abilities


You were on level 5 of the Dungeon.
You visited 1 branch of the dungeon, and saw 5 of its levels.

You collected 266 gold pieces.

Inventory:

Hand Weapons
 a - a +1 spear
 b - a +0 dagger of venom (weapon)
 s - a +0 whip of draining
Armour
 h - a scarf of repulsion (worn)
 i - a +0 helmet (worn)
 y - a +1 scale mail (worn)
Jewellery
 k - a +4 ring of protection (left hand)
Scrolls
 c - a scroll of poison
 e - 3 scrolls of teleportation
 f - 3 scrolls of fear
 g - a scroll of noise
 o - a scroll of enchant weapon
 p - a scroll of vulnerability {unknown}
Potions
 d - a potion of magic
 j - 2 potions of enlightenment
 l - a potion of brilliance {unknown}
 m - 2 potions of mutation
 n - a potion of lignification {unknown}
 q - a potion of resistance {unknown}
 r - a potion of might {unknown}
 t - a potion of ambrosia {unknown}
 u - a potion of curing {unknown}
 v - a potion of heal wounds {unknown}
 w - a potion of attraction {unknown}
 z - a potion of haste {unknown}


   Skills:
 + Level 5.6 Fighting
 + Level 3.1 Short Blades
 + Level 3.1 Long Blades
 + Level 3.1 Axes
 + Level 3.1 Maces & Flails
 + Level 7.3 Polearms
 + Level 3.1 Staves
 + Level 3.1 Ranged Weapons
 + Level 3.1 Throwing
 + Level 3.1 Armour
 + Level 5.6 Dodging
 + Level 3.1 Stealth
 + Level 3.1 Shields
 + Level 3.1 Unarmed Combat
 + Level 5.9 Spellcasting
 + Level 6.0 Conjurations
 + Level 2.5 Hexes
 + Level 2.5 Summonings
 + Level 2.5 Necromancy
 + Level 2.5 Translocations
 + Level 2.5 Transmutations
 + Level 2.5 Fire Magic
 + Level 2.5 Ice Magic
 + Level 2.5 Air Magic
 + Level 2.5 Earth Magic
 + Level 2.5 Poison Magic
 + Level 3.4 Invocations
 + Level 3.1 Evocations


You had 17 spell levels left.
You knew the following spells:

 Your Spells              Type           Power      Damage    Failure   Level
a - Kiss of Death         Conj/Necr      60%        2d10      17%         1

Your spell library contained the following spells:

 Spells                   Type           Power      Damage    Failure   Level
 Momentum Strike          Conj/Tloc      30%        3d8       26%         2
 Sting                    Tmut/Pois      36%        1d4       34%         1
 Sublimation of Blood     Necr           12%        N/A       36%         2
 Wereblood                Tmut           12%        N/A       36%         2
 Hailstorm                Conj/Ice       15%        3d5       45%         3
 Poisonous Vapours        Pois/Air       18%        N/A       47%         2
 Mephitic Cloud           Conj/Pois/Air  12%        N/A       58%         3
 Inner Flame              Hex/Fire       9%         N/A       71%         3
 Flame Wave               Conj/Fire      15%        2d7       86%         4
 Sticky Flame             Conj/Fire      15%        2d4       86%         4
 Olgreb's Toxic Radiance  Pois           12%        N/A       95%         4
 Freezing Cloud           Conj/Ice/Air   6%         6-21      100%        5
 Summon Hydra             Summ           6%         N/A       100%        7


Dungeon Overview and Level Annotations

Branches:
Dungeon (5/15)
 Temple: D:4-7

Altars:
Elyvilon
Trog
Xom

Shops:
D:4 (

Annotations:
D:5 Menkaure


Innate Abilities, Weirdness & Mutations

You have very sharp teeth.
Your uncanny sense of smell can sniff out nearby items.
Your experience applies equally to all skills.


Message History

Menkaure is severely damaged.
You hit Menkaure but do no damage.
Menkaure is severely damaged.
Menkaure calls on the powers of darkness!
Your body is wracked with pain!
You hit Menkaure but do no damage.
Menkaure is severely damaged.
Menkaure hits you!!
* * * LOW HITPOINT WARNING * * *
You hit Menkaure but do no damage.
Menkaure is severely damaged.
Okay, then.
Aiming: Kiss of Death (safe; 17% risk of failure)
Press: ? - help, Q - select action Shift-Dir - straight line, f - you That would be overly suicidal.
Okay, then.
Aiming: Kiss of Death (safe; 17% risk of failure)
Press: ? - help, Q - select action Shift-Dir - straight line, f - Menkaure
Aim: Menkaure (severely damaged, 100% to hit)
The negative energy hits Menkaure.
Menkaure completely resists.
Menkaure is severely damaged.
You feel drained.
Menkaure calls on the powers of darkness!
You feel a surge of unholy energy.
You are too injured to fight recklessly!
You are too injured to fight recklessly!
You hit Menkaure but do no damage. You bite Menkaure, but do no damage.
Menkaure is severely damaged.
Menkaure barely misses you.
You hit Menkaure but do no damage.
Menkaure is severely damaged.
You hit Menkaure.
Menkaure is severely damaged.
Menkaure mumbles some strange words.
Menkaure seems to speed up.
You hit Menkaure. You bite Menkaure, but do no damage.
Menkaure is almost destroyed.
Menkaure gestures at you while chanting.
Pain shoots through your body!
You die...

.. ##.# ... ##..⌠ ...(
#...# .... ##...# ... .#
#....## #.
..###..[..##_.. #######
........M...##⌠##...#.#..
........@..............).
...##..........## .. .#.
...............# ..# #.
...............###.### ##
................#<.#.####
......................##.
...............).........
....................#....
...........##............


You could see Menkaure (fast).

Vanquished Creatures
  Duvessa (D:4)
  An ice beast (D:4)
  A kobold brigand (D:4)
  2 scorpions (D:5)
  Dowan (D:4)
  2 hounds (D:4)
  2 orc priests
  Jessica (D:3)
  2 orc wizards
  3 iguanas
  A sleepcap (D:5)
  Robin (D:4)
  4 gnolls
  6 adders
  An ufetubus (D:3)
  2 worms (D:2)
  3 dart slugs
  10 orcs
  8 bats
  10 endoplasms
  3 giant cockroaches
  11 goblins
  10 hobgoblins
  5 quokkas
  6 ball pythons
  2 frilled lizards
  10 kobolds
  4 rats
113 creatures vanquished.

Notes
Turn   | Place    | Note
-------+----------+-------------------------------------------
     0 | D:1      | ExitNot the Gnoll Reaver began the quest for the Orb.
     0 | D:1      | Reached XP level 1. HP: 20/20 MP: 6/6
   226 | D:1      | Reached XP level 2. HP: 26/26 MP: 7/7
   711 | D:2      | Reached skill level 5 in Spellcasting
   711 | D:2      | Reached XP level 3. HP: 24/31 MP: 7/9
   725 | D:2      | Reached skill level 1 in Invocations
   966 | D:2      | Reached skill level 1 in Short Blades
   966 | D:2      | Reached skill level 1 in Long Blades
   966 | D:2      | Reached skill level 1 in Axes
   966 | D:2      | Reached skill level 1 in Maces & Flails
   966 | D:2      | Reached skill level 1 in Staves
   966 | D:2      | Reached skill level 1 in Ranged Weapons
   966 | D:2      | Reached skill level 1 in Throwing
   966 | D:2      | Reached skill level 1 in Armour
   966 | D:2      | Reached skill level 1 in Stealth
   966 | D:2      | Reached skill level 1 in Shields
   966 | D:2      | Reached skill level 1 in Unarmed Combat
   966 | D:2      | Reached skill level 1 in Evocations
  1190 | D:2      | Reached XP level 4. HP: 27/30 MP: 11/11
  1467 | D:3      | Found a bloodstained altar of Trog.
  1505 | D:3      | Reached skill level 1 in Hexes
  1505 | D:3      | Reached skill level 1 in Summonings
  1505 | D:3      | Reached skill level 1 in Necromancy
  1505 | D:3      | Reached skill level 1 in Translocations
  1505 | D:3      | Reached skill level 1 in Transmutations
  1505 | D:3      | Reached skill level 1 in Fire Magic
  1505 | D:3      | Reached skill level 1 in Ice Magic
  1505 | D:3      | Reached skill level 1 in Air Magic
  1505 | D:3      | Reached skill level 1 in Earth Magic
  1505 | D:3      | Reached skill level 1 in Poison Magic
  1568 | D:2      | HP: 1/24 [orc wizard/+0 dagger of electrocution (14)]
  1572 | D:2      | Reached XP level 5. HP: 3/22 MP: 8/12
  2555 | D:3      | Noticed Jessica
  2559 | D:3      | Killed Jessica
  2652 | D:3      | Found a faded altar of an unknown god.
  2690 | D:3      | Found a white marble altar of Elyvilon.
  3119 | D:4      | Reached XP level 6. HP: 19/35 MP: 13/13
  3230 | D:4      | Noticed Robin
  3248 | D:4      | Killed Robin
  3279 | D:3      | Reached skill level 5 in Fighting
  3279 | D:3      | Reached skill level 5 in Dodging
  3645 | D:4      | Noticed an ice beast
  3667 | D:4      | Killed an ice beast
  4063 | D:4      | Found Elegepn's Weapon Shop.
  4072 | D:4      | Noticed Duvessa
  4075 | D:4      | Noticed Dowan
  4131 | D:4      | Reached skill level 7 in Polearms
  4131 | D:4      | Reached XP level 7. HP: 26/49 MP: 15/15
  4274 | D:4      | Killed Duvessa
  4284 | D:4      | Killed Dowan
  4815 | D:5      | Entered Level 5 of the Dungeon
  5076 | D:5      | Reached XP level 8. HP: 53/63 MP: 16/16
  5345 | D:5      | Found a shimmering altar of Xom.
  5355 | D:5      | Noticed Menkaure
  5376 | D:5      | HP: 2/62 [Menkaure (18)]
  5382 | D:5      | Killed from afar by Menkaure

Illustrated notes

Levels and vault maps discovered:
D:1:      lightli_arrival_noodles, layout_basic
D:2:      layout_rooms, minmay_3d_cube
D:3:      layout_basic, mainiacjoe_overflow_catwalk, trog_three_pillars_becter,
          shapermc_ecumenical_altar_petra, kennysheep_potato, uniq_jessica
D:4:      layout_basic, serial_shops, nicolae_shop_waterfront, minmay_pentangle,
          uniq_robin, uniq_duvessa
D:5:      layout_cave_pools, xom_redecorated, doesnt_shop_hydraphobe,
          uniq_menkaure

Skill      XL: |  1  2  3  4  5  6  7 |
---------------+----------------------+-----
Spellcasting   | 5 |  5.9
Invocations    | 1 2 3 |  3.4
Short Blades   | 1 2 3 |  3.1
Long Blades    | 1 2 3 |  3.1
Axes           | 1 2 3 |  3.1
Maces & Flails | 1 2 3 |  3.1
Staves         | 1 2 3 |  3.1
Ranged Weapons | 1 2 3 |  3.1
Throwing       | 1 2 3 |  3.1
Armour         | 1 2 3 |  3.1
Stealth        | 1 2 3 |  3.1
Shields        | 1 2 3 |  3.1
Unarmed Combat | 1 2 3 |  3.1
Evocations     | 1 2 3 |  3.1
Hexes          | 1 2 |  2.5
Summonings     | 1 2 |  2.5
Necromancy     | 1 2 |  2.5
Translocations | 1 2 |  2.5
Transmutations | 1 2 |  2.5
Fire Magic     | 1 2 |  2.5
Ice Magic      | 1 2 |  2.5
Air Magic      | 1 2 |  2.5
Earth Magic    | 1 2 |  2.5
Poison Magic   | 1 2 |  2.5
Fighting       | 5 |  5.6
Dodging        | 5 |  5.6
Polearms       | 7 |  7.3
Conjurations   | 6 |  6.0

Action                     |  1- 3 |  4- 6 |  7- 9 || total
---------------------------+-------+-------+-------++-------
  Melee: Spear             |   152 |    38 |       ||   190
         Bite              |     5 |    21 |    31 ||    57
         Dagger            |       |   166 |   169 ||   335
         Punch             |       |     4 |     3 ||     7
   Cast: Kiss of Death     |     2 |     6 |     1 ||     9
    Use: Scroll            |     4 |     8 |       ||    12
         Potion            |       |     1 |       ||     1
   Stab: Sleeping          |       |     1 |       ||     1
 Armour: Leather armour    |    29 |     3 |       ||    32
         Ring mail         |       |    87 |       ||    87
         Scale mail        |       |     2 |    71 ||    73
  Dodge: Dodged            |    60 |   111 |    69 ||   240
         Repelled          |     1 |       |     2 ||     3

Table legend: (Time is in decaauts)
 A = Elapsed time spent in this place.
 B = Non-inter-level travel time spent in this place.
 C = Inter-level travel time spent in this place.
 D = Time resting spent in this place.
 E = Time spent auto-exploring this place.
 F = Levels seen in this place.
 G = Mean time per level.
                   A        B        C        D        E       F      G
               +--------+--------+--------+--------+--------+-----+--------+
         Total |   5311 |   4957 |    354 |   1544 |   2456 |   5 | 1062.2 |
       Dungeon |   5311 |   4957 |    354 |   1544 |   2456 |   5 | 1062.2 |
               +--------+--------+--------+--------+--------+-----+--------+

Top non-repeatable levels by time:
     D:4: 1636 daAuts
     D:2: 1355 daAuts
     D:3: 1284 daAuts
     D:1: 634 daAuts
     D:5: 400 daAuts
